Map: Kairos Junction LE

Players

Grimreaper - Winner!

  • Race: Protoss Protoss
  • Spawn Location: 11:00

VOD

Have the link to the VOD?

Description

Time

  • Played on: Jan. 20, 2019, 9:03 p.m.
  • Length: 19:56
Show
View Real Time Build Order
Export as new Build Order

Grimreaper Protoss - Winner!

Build Orders:  

Get SALT Encoding   

  12  0:03  Probe (Chrono Boost)  
  14  0:20  Probe (Chrono Boost)  
  14  0:31  Pylon  
  14  0:42  Probe (Chrono Boost)  
  15  0:59  Probe (Chrono Boost)  
  16  1:04  Gateway  
  16  1:16  Probe (Chrono Boost)  
  16  1:17  Gateway  
  17  1:27  Assimilator  
  17  1:34  Assimilator  
  18  1:41  Probe (Chrono Boost)  
  18  1:53  Probe (Chrono Boost)  
  19  2:04  Probe (Chrono Boost)  
  20  2:22  Cybernetics Core  
  20  2:25  Probe (Chrono Boost)  
  20  2:28  Zealot  
  23  2:34  Pylon  
  23  2:57  Probe (Chrono Boost)  
  24  3:14  Probe (Chrono Boost)  
  24  3:17  Stalker  
  24  3:18  Stalker  
  30  3:31  Probe (Chrono Boost)  
  30  3:32  Forge  
  30  3:34  Pylon  
  30  4:05  Protoss Ground Weapons Level 1  
  30  4:25  Nexus  
  30  4:28  Warp Gate  
  30  4:38  Pylon  
  30  4:43  Pylon  
  31  5:01  Probe (Chrono Boost)  
  31  5:17  Photon Cannon  
  31  5:18  Probe (Chrono Boost)  
  32  5:25  Photon Cannon  
  32  5:35  Probe (Chrono Boost)  
  33  5:41  Stalker  
  36  5:52  Probe (Chrono Boost)  
  36  5:54  Stalker  
  38  6:08  Probe (Chrono Boost)  
  38  6:09  Probe (Chrono Boost)  
  40  6:25  Probe (Chrono Boost)  
  40  6:26  Probe (Chrono Boost)  
  42  6:42  Probe (Chrono Boost)  
  42  6:43  Probe (Chrono Boost)  
  42  6:45  Protoss Shields Level 1  
  42  6:48  Stalker  
  46  6:59  Probe (Chrono Boost)  
  46  7:00  Probe (Chrono Boost)  
  46  7:08  Stalker  
  48  7:16  Photon Cannon, Probe (Chrono Boost)  
  48  7:17  Probe (Chrono Boost)  
  48  7:18  Photon Cannon  
  50  7:31  Photon Cannon  
  50  7:33  Probe x2 (Chrono Boost)  
  52  7:41  Photon Cannon  
  52  7:42  Photon Cannon  
  52  8:00  Nexus  
  52  8:08  Pylon  
  52  8:24  Probe (Chrono Boost)  
  52  8:28  Probe (Chrono Boost)  
  54  8:34  Pylon  
  55  8:40  Probe (Chrono Boost)  
  55  8:45  Probe (Chrono Boost)  
  56  8:51  Nexus  
  56  8:54  Assimilator  
  56  8:57  Probe (Chrono Boost)  
  58  9:01  Assimilator  
  58  9:02  Probe (Chrono Boost)  
  58  9:06  Photon Cannon  
  58  9:14  Photon Cannon, Probe (Chrono Boost)  
  58  9:19  Probe (Chrono Boost)  
  60  9:20  Photon Cannon  
  61  9:30  Photon Cannon  
  61  9:31  Probe (Chrono Boost)  
  61  9:35  Photon Cannon  
  61  9:36  Probe (Chrono Boost)  
  62  9:40  Assimilator  
  62  9:44  Assimilator  
  62  9:45  Probe (Chrono Boost)  
  63  9:54  Assimilator  
  63  9:57  Assimilator  
  64  10:02  Probe x2 (Chrono Boost)  
  64  10:05  Probe (Chrono Boost)  
  66  10:19  Probe x2 (Chrono Boost)  
  68  10:22  Probe (Chrono Boost)  
  68  10:27  Stalker  
  68  10:28  Stalker  
  73  10:33  Pylon  
  73  10:36  Probe x2 (Chrono Boost)  
  73  10:37  Probe (Chrono Boost)  
  73  10:39  Probe (Chrono Boost)  
  77  10:52  Protoss Ground Armor Level 1  
  77  10:53  Probe (Chrono Boost)  
  77  10:54  Probe (Chrono Boost)  
  77  10:59  Probe (Chrono Boost)  
  80  11:02  Probe (Chrono Boost)  
  80  11:08  Photon Cannon  
  83  11:10  Photon Cannon, Probe (Chrono Boost)  
  83  11:11  Probe (Chrono Boost)  
  83  11:12  Stalker x2  
  83  11:14  Photon Cannon  
  83  11:16  Probe (Chrono Boost)  
  83  11:19  Probe (Chrono Boost)  
  89  11:28  Forge, Probe (Chrono Boost)  
  90  11:30  Forge  
  90  11:33  Probe (Chrono Boost)  
  90  11:36  Probe (Chrono Boost)  
  90  11:39  Twilight Council  
  92  11:42  Twilight Council  
  92  11:45  Probe (Chrono Boost)  
  92  11:49  Robotics Facility  
  93  11:51  Robotics Facility  
  93  11:54  Robotics Facility  
  93  11:55  Stalker x2  
  98  12:02  Probe (Chrono Boost)  
  99  12:11  Probe (Chrono Boost)  
  99  12:19  Probe (Chrono Boost)  
  100  12:28  Probe (Chrono Boost)  
  101  12:35  Probe (Chrono Boost)  
  102  12:45  Probe (Chrono Boost)  
  103  12:52  Stalker x2, Probe (Chrono Boost)  
  109  13:00  Robotics Bay  
  109  13:02  Probe (Chrono Boost)  
  109  13:09  Probe (Chrono Boost)  
  110  13:14  Stargate  
  110  13:15  Stargate  
  110  13:17  Stargate  
  110  13:19  Probe (Chrono Boost)  
  111  13:23  Pylon  
  111  13:29  Pylon, Gateway  
  111  13:30  Gateway  
  111  13:32  Pylon  
  111  13:34  Gateway  
  111  13:36  Protoss Ground Weapons Level 2  
  111  13:37  Pylon, Protoss Ground Armor Level 2  
  111  13:40  Gateway  
  111  13:41  Protoss Shields Level 2  
  111  13:44  Gateway  
  111  13:48  Immortal  
  111  13:49  Immortal  
  119  13:50  Immortal  
  123  14:16  Stalker  
  123  14:17  Stalker  
  127  14:20  Charge  
  127  14:22  Nexus  
  127  14:29  Colossus  
  127  14:31  Colossus  
  127  14:38  Warp Prism  
  127  14:46  Protoss Air Weapons Level 1  
  141  14:54  Blink  
  141  15:15  Extended Thermal Lance  
  141  15:19  Immortal  
  141  15:24  Pylon  
  145  15:43  Gateway  
  145  15:44  Gateway, Immortal  
  145  15:46  Immortal  
  153  16:10  Stalker x5  
  153  16:11  Stalker x2  
  153  16:14  Immortal  
  130  16:43  Stalker  
  130  16:44  Stalker x4  
  130  16:45  Stalker x2  
  134  16:59  Immortal  
  132  17:00  Immortal  
  132  17:09  Immortal  
  133  17:30  Stalker x3  
  133  17:31  Stalker x4  
  133  17:32  Stalker x2  
  149  17:40  Unknown  
  143  17:54  Immortal  
  143  17:55  Immortal  
  151  18:04  Immortal  
  151  18:08  Stalker x4  
  151  18:09  Stalker x4  
  171  18:10  Stalker  
  173  18:49  Immortal  
  177  18:50  Stalker  
  177  19:01  Pylon  
  177  19:05  Pylon  
  177  19:08  Pylon  
  177  19:10  Pylon  
  177  19:15  Pylon  
Tags
 
Add a new tag
Caveats
  • Supply blocks, unpowered buildings, or Contaminate may cause inaccurate times.
  • Supply counts are checked every 10 seconds.